Map: Troizinia LE

Players

JaySlays

  • Race: Protoss Protoss
  • Spawn Location: 9:00

Wolf

  • Race: Zerg Zerg
  • League: Diamond
  • Spawn Location: 11:00

Shlansk

  • Race: Terran Terran
  • League: Diamond
  • Spawn Location: 11:00

Asystole

  • Race: Terran Terran
  • Spawn Location: 12:00

squirtle

  • Race: Protoss Protoss
  • Spawn Location: 6:00

BIGDOG

  • Race: Terran Terran
  • Spawn Location: 3:00

Tholo

  • Race: Zerg Zerg
  • Spawn Location: 5:00

TarValon

  • Race: Zerg Zerg
  • Spawn Location: 5:00

VOD

Have the link to the VOD?

Description

Time

  • Played on: April 3, 2018, 9 p.m.
  • Length: 12:53
Show
View Real Time Build Order
Export as new Build Order

JaySlays Protoss 

Build Orders:  

Get SALT Encoding   

  12  0:01  Probe  
  13  0:14  Probe  
  14  0:19  Pylon  
  14  0:26  Probe (Chrono Boost)  
  15  0:38  Probe (Chrono Boost)  
  16  0:42  Gateway  
  16  0:47  Probe (Chrono Boost)  
  17  0:56  Probe  
  18  1:00  Assimilator  
  18  1:04  Assimilator  
  18  1:08  Probe  
  19  1:20  Probe  
  20  1:32  Probe  
  20  1:35  Cybernetics Core  
  23  1:42  Pylon  
  23  1:45  Probe (Chrono Boost)  
  23  1:56  Probe (Chrono Boost)  
  23  2:00  Probe (Chrono Boost)  
  24  2:11  Probe  
  24  2:12  Gateway  
  24  2:13  Warp Gate (Chrono Boost)  
  25  2:33  Probe, Nexus  
  25  2:34  Pylon  
  26  2:45  Probe  
  26  2:47  Stalker  
  29  2:55  Twilight Council  
  29  2:59  Probe  
  30  3:11  Stalker  
  32  3:21  Probe  
  33  3:27  Stalker  
  33  3:32  Charge (Chrono Boost)  
  35  3:51  Probe  
  35  3:54  Probe  
  41  4:03  Probe  
  41  4:06  Probe  
  37  4:24  Stalker  
  37  4:25  Stalker  
  37  4:27  Probe x2  
  43  4:37  Gateway  
  43  4:38  Gateway  
  43  4:39  Probe  
  43  4:40  Gateway  
  43  4:42  Gateway  
  44  5:02  Zealot x2  
  33  5:26  Stalker  
  33  5:27  Stalker  
  20  5:56  Pylon  
  20  6:01  Stalker x2  
  24  6:06  Probe x2  
  27  6:18  Probe (Chrono Boost)  
  27  6:20  Probe (Chrono Boost)  
  28  6:30  Probe (Chrono Boost)  
  28  6:31  Stalker x4  
  28  6:32  Stalker  
  40  6:35  Probe (Chrono Boost)  
  40  6:36  Probe (Chrono Boost)  
  40  6:38  Forge  
  41  6:42  Probe (Chrono Boost)  
  41  6:45  Probe (Chrono Boost)  
  44  6:55  Probe (Chrono Boost)  
  44  6:57  Probe (Chrono Boost)  
  44  7:00  Probe (Chrono Boost)  
  46  7:10  Templar Archives  
  46  7:16  Pylon  
  46  7:18  Probe x2  
  46  7:20  Pylon  
  48  7:29  Stalker x2  
  52  7:31  Stalker  
  54  7:39  Probe x2  
  56  7:51  Probe  
  45  7:57  Zealot x4  
  41  8:01  Protoss Ground Weapons Level 1  
  41  8:06  Probe  
  41  8:07  Probe  
  41  8:10  High Templar x2  
  47  8:18  Probe, Archon  
  48  8:24  Zealot x3  
  46  8:33  Zealot  
  34  8:44  Zealot x3  
  40  9:01  Shield Battery  
  40  9:03  Photon Cannon  
  40  9:17  Pylon x2  
  40  10:07  Nexus  
  40  10:08  High Templar x2  
  44  10:19  Archon  
  37  10:41  Protoss Shields Level 1  
  37  10:57  Pylon  
  37  10:58  Probe  
  37  10:59  Pylon  
  38  11:21  Nexus  
  38  11:47  Photon Cannon  
  38  12:02  High Templar x2  
  42  12:23  Archon  
  42  12:32  Probe  
  42  12:34  Probe  
  44  12:42  Stargate  
  44  12:43  Stargate  
  44  12:46  Stargate  
Show
View Real Time Build Order
Export as new Build Order

Wolf Zerg 

Build Orders: Hatch First 

Get SALT Encoding   

  12  0:01  Drone  
  13  0:12  Overlord  
  13  0:16  Drone  
  14  0:30  Drone x2  
  16  0:37  Drone  
  17  0:56  Hatchery  
  16  1:01  Drone  
  16  1:02  Extractor  
  16  1:04  Drone  
  17  1:18  Spawning Pool  
  17  1:20  Drone  
  17  1:28  Drone  
  17  1:29  Drone  
  19  1:39  Overlord  
  19  1:50  Drone  
  20  2:06  Queen, Zergling x2  
  20  2:08  Zergling x2, Queen  
  25  2:13  Drone  
  27  2:21  Drone  
  28  2:25  Drone  
  28  2:28  Metabolic Boost  
  29  2:30  Drone  
  29  2:36  Drone, Baneling Nest  
  30  2:47  Drone x2  
  30  2:49  Queen  
  34  2:54  Overlord  
  34  2:59  Drone  
  35  3:17  Hatchery  
  35  3:19  Zergling x4  
  36  3:24  Zergling x4  
  36  3:25  Zergling x2  
  39  3:48  Drone  
  40  3:49  Drone x4  
  40  3:50  Zergling x2  
  42  3:57  Zergling x4  
  42  4:12  Zergling x2  
  42  4:13  Zergling x2  
  42  4:14  Overlord  
  43  4:24  Overlord x2  
  43  4:31  Lair  
  42  4:40  Drone x3  
  45  4:46  Baneling x2  
  45  4:47  Baneling x3  
  45  4:51  Zergling x4  
  47  4:58  Drone x6  
  47  4:59  Drone  
  52  5:23  Zergling x2  
  52  5:24  Zergling x12  
  53  5:41  Drone, Zergling x2  
  53  5:42  Zergling x14  
  56  5:57  Zergling x2  
  56  5:58  Zergling x10  
  59  6:19  Drone  
  59  6:20  Drone x6, Queen  
  68  6:34  Extractor, Hydralisk Den  
  66  6:41  Evolution Chamber, Overlord x3  
  66  6:42  Zergling x2  
  66  6:43  Extractor, Evolution Chamber, Zergling x6  
  66  6:44  Extractor  
  66  6:51  Spore Crawler  
  65  6:54  Spore Crawler  
  65  6:56  Spore Crawler  
  65  6:57  Drone  
  65  6:58  Drone x6  
  70  7:04  Drone x2  
  70  7:06  Centrifical Hooks  
  70  7:08  Muscular Augments  
  72  7:09  Hydralisk x2  
  69  7:29  Zergling x2  
  63  7:30  Zergling x26  
  60  7:52  Zerg Melee Weapons Level 1, Zerg Missile Weapons Level 1  
  60  7:53  Hydralisk x3  
  60  7:55  Zergling x12  
  60  7:56  Zergling x6  
  69  8:19  Grooved Spines  
  58  8:32  Baneling  
  58  8:33  Baneling x6, Hydralisk  
  56  8:34  Hydralisk x4  
  51  9:19  Hydralisk x6  
  51  9:21  Zergling x20  
  73  9:27  Zergling x6  
  75  9:33  Queen  
  76  9:49  Zerg Missile Weapons Level 2  
  76  9:55  Zerg Melee Weapons Level 2  
  76  9:59  Hatchery  
  74  10:07  Baneling x3  
  74  10:08  Baneling x5  
  74  10:12  Baneling  
  74  10:38  Hydralisk  
  74  10:39  Hydralisk x4  
  84  11:12  Hydralisk  
  84  11:13  Hydralisk x2  
  84  11:17  Overlord  
  84  11:18  Overlord x3  
  90  11:29  Infestation Pit  
  90  11:31  Drone  
  70  11:53  Hydralisk  
  70  11:54  Zergling x16  
  67  12:09  Zergling x12  
  19  12:31  Zergling x2  
  19  12:32  Zergling x12  
Show
View Real Time Build Order
Export as new Build Order

Shlansk Terran 

Build Orders: Reaper Expand, MMM Bio 

Get SALT Encoding   

  12  0:01  SCV  
  13  0:13  SCV  
  14  0:18  Supply Depot  
  14  0:25  SCV  
  15  0:40  SCV  
  15  0:42  Barracks  
  16  0:47  Refinery  
  16  0:52  SCV  
  17  1:04  SCV  
  18  1:16  SCV  
  19  1:30  Orbital Command  
  19  1:31  Reaper  
  20  1:44  Command Center  
  20  1:58  Barracks  
  20  1:59  SCV  
  21  2:06  Barracks Reactor  
  21  2:12  SCV, Refinery  
  22  2:17  Supply Depot  
  22  2:25  Factory  
  22  2:30  SCV  
  23  2:42  SCV  
  24  2:46  Barracks Tech Lab  
  24  2:47  Marine  
  24  2:48  Marine  
  26  2:55  SCV  
  27  2:59  Orbital Command  
  27  3:05  Marine x2, Stimpack  
  28  3:10  Marine  
  30  3:23  Marine x2  
  31  3:28  Marine  
  30  3:40  Marine  
  30  3:41  Marine  
  31  3:42  Factory Reactor, Starport  
  31  3:46  Marine  
  33  3:58  Marine  
  33  3:59  Marine  
  35  4:04  Marine  
  36  4:16  Marine x2  
  38  4:31  Marine  
  38  4:33  Orbital Command  
  38  4:34  Marine x2  
  40  4:49  Marine, Engineering Bay  
  40  4:51  Engineering Bay  
  40  4:52  Marine x2  
  43  4:55  Supply Depot  
  43  5:10  Reaper  
  43  5:11  Factory Tech Lab  
  43  5:12  Combat Shields  
  44  5:21  SCV x2  
  44  5:28  Terran Infantry Weapons Level 1  
  46  5:31  Terran Infantry Armor Level 1  
  46  5:33  SCV x2  
  46  5:35  Supply Depot  
  48  5:36  Supply Depot  
  48  5:40  Supply Depot, Medivac x2  
  48  5:42  Reaper  
  52  5:43  Marine  
  52  5:44  Marine  
  52  6:15  SCV  
  52  6:16  SCV  
  54  6:22  Supply Depot  
  54  6:23  Supply Depot  
  54  6:24  Supply Depot, Medivac x2  
  58  6:28  SCV x2  
  58  6:32  Armory  
  60  6:39  Missile Turret  
  60  6:40  SCV x2  
  60  6:44  Missile Turret  
  62  6:52  SCV x2  
  64  6:54  Siege Tank  
  64  6:56  Marine x3  
  70  7:12  Barracks  
  70  7:14  Marine x3, Barracks, SCV x2  
  75  7:23  Terran Infantry Weapons Level 2  
  75  7:26  SCV x2  
  75  7:29  Missile Turret  
  77  7:31  Marine  
  77  7:32  Marine x2  
  80  7:41  SCV x2  
  80  7:42  Missile Turret  
  82  7:48  Refinery x2  
  82  7:49  Marine  
  82  7:50  Marine x2  
  85  7:53  SCV x2  
  87  8:01  Sensor Tower  
  87  8:02  Terran Infantry Armor Level 2  
  87  8:07  Marine x3  
  90  8:25  Marine x3, Command Center  
  93  8:30  Supply Depot  
  93  8:31  Supply Depot  
  93  8:36  Marine  
  93  8:39  Barracks Reactor  
  94  8:52  Marine x3, SCV x2  
  94  8:53  Marine  
  100  9:04  SCV  
  100  9:09  Marine x3  
  101  9:11  Marine  
  84  9:24  Marine  
  84  9:25  Marine  
  84  9:27  Marine x3  
  84  9:29  Marine  
  72  9:42  Marine x2  
  72  9:45  Marine x3  
  75  9:47  Marine  
  78  9:59  Siege Tank  
  81  10:00  Marine x2  
  81  10:01  Medivac x2  
  81  10:02  SCV x2  
  81  10:03  Marine x3  
  81  10:05  Marine  
  81  10:06  Terran Infantry Weapons Level 3  
  93  10:14  SCV x2  
  93  10:18  Marine x2  
  93  10:21  Marine x3  
  94  10:22  Marine  
  94  10:23  Planetary Fortress  
  94  10:26  SCV  
  96  10:36  Marine x2  
  96  10:37  Terran Vehicle Weapons Level 1  
  96  10:38  Marine x3  
  96  10:40  Marine  
  102  10:54  Marine x2  
  102  10:55  Missile Turret  
  102  10:56  Marine x3  
  107  10:57  Barracks  
  107  10:58  Marine  
  107  11:00  Barracks  
  107  11:02  Barracks  
  107  11:04  Barracks  
  108  11:11  Marine  
  108  11:12  Marine  
  108  11:14  Marine x3  
  108  11:15  Concussive Shells  
  108  11:16  Medivac x2  
  117  11:19  Missile Turret x2  
  117  11:27  Marine  
  117  11:29  Marine x2  
  119  11:43  Marine x4  
  119  11:45  Marine  
  124  11:47  Marine  
  124  11:53  Marine  
  122  12:00  Marine x3  
  122  12:01  Marine x4  
  104  12:03  Marine  
  104  12:05  Marine  
  106  12:11  Marine  
  82  12:18  Marine x3  
  82  12:19  Marine x4  
  82  12:21  Marine  
  77  12:23  Marine  
  77  12:29  Marine  
  73  12:38  Missile Turret  
  73  12:39  Missile Turret  
Show
View Real Time Build Order
Export as new Build Order

Asystole Terran 

Build Orders:  

Get SALT Encoding   

  12  0:02  SCV  
  14  0:14  SCV  
  14  0:22  Supply Depot  
  14  0:26  SCV  
  15  0:30  Refinery  
  15  0:37  Refinery  
  15  0:50  Barracks  
  15  1:02  SCV  
  16  1:14  SCV  
  17  1:19  Supply Depot  
  17  1:26  SCV  
  18  1:38  SCV  
  19  1:49  Factory  
  19  1:51  SCV  
  20  2:03  SCV  
  20  2:05  Supply Depot  
  21  2:15  SCV  
  22  2:26  Engineering Bay  
  22  2:27  SCV  
  23  2:39  Orbital Command  
  23  2:40  Factory Reactor  
  23  3:07  Command Center  
  23  3:19  Cyclone  
  20  4:29  SCV  
  21  4:36  Factory  
  21  4:41  SCV  
  21  4:42  Factory Reactor  
  22  4:53  SCV  
  22  4:55  SCV  
  24  5:04  Supply Depot  
  24  5:05  SCV  
  25  5:21  Factory Reactor  
  26  5:22  Cyclone x2  
  31  5:38  SCV  
  31  5:39  SCV  
  33  5:50  SCV  
  33  5:51  SCV  
  34  6:02  SCV  
  34  6:03  SCV  
  36  6:09  Cyclone x2  
  42  6:14  SCV  
  42  6:15  SCV  
  44  6:26  SCV  
  44  6:27  SCV  
  44  6:30  Refinery, Cyclone x2  
  44  6:31  Refinery  
  52  6:39  SCV x2  
  45  6:51  SCV x2, Engineering Bay  
  47  6:57  Armory  
  47  6:59  Cyclone  
  47  7:00  Cyclone  
  53  7:03  SCV  
  54  7:10  Orbital Command  
  54  7:14  Supply Depot  
  54  7:15  SCV  
  55  7:17  Cyclone  
  58  7:27  SCV  
  58  7:28  Armory  
  59  7:39  SCV  
  59  7:40  Cyclone x2  
  66  7:51  SCV  
  67  7:59  Starport  
  67  8:00  Starport  
  67  8:09  Missile Turret  
  67  8:10  Missile Turret  
  67  8:11  Missile Turret x2  
  59  8:37  Starport Reactor  
  59  8:39  Starport Reactor  
  59  9:20  Viking x4  
  67  9:30  Supply Depot, Command Center  
  67  9:31  Supply Depot  
  67  9:34  Supply Depot  
  67  9:42  Refinery  
  67  9:49  Viking  
  67  9:51  Viking x3  
  75  9:58  Terran Ship Weapons Level 1  
  75  9:59  Terran Vehicle And Ship Armor Level 1  
  75  10:11  Supply Depot  
  75  10:12  Supply Depot x2  
  75  10:14  Supply Depot  
  75  10:19  Viking  
  75  10:21  Viking x3  
  83  10:43  Refinery  
  83  10:49  Viking  
  85  10:51  Viking x3  
  91  11:19  Viking  
  91  11:21  Viking x3  
  70  11:46  SCV x3  
  60  11:49  Viking  
  60  11:51  Viking x3  
  68  11:58  SCV  
  69  12:10  Orbital Command  
  69  12:19  Viking  
  69  12:21  Viking x3  
Show
View Real Time Build Order
Export as new Build Order

squirtle Protoss 

Build Orders: 1 Gate Expand, Phoenix Opening 

Get SALT Encoding   

  12  0:00  Probe  
  13  0:13  Probe  
  14  0:27  Probe  
  15  0:30  Pylon  
  15  0:48  Probe, Gateway  
  16  1:00  Probe  
  17  1:14  Nexus  
  17  1:16  Probe  
  18  1:21  Assimilator  
  18  1:30  Probe  
  19  1:37  Cybernetics Core  
  19  1:44  Probe  
  20  1:47  Assimilator  
  20  1:54  Pylon  
  20  1:57  Probe  
  21  2:08  Forge  
  21  2:12  Probe (Chrono Boost)  
  23  2:23  Probe (Chrono Boost)  
  23  2:28  Probe (Chrono Boost)  
  23  2:29  Pylon  
  24  2:35  Assimilator  
  24  2:38  Probe  
  24  2:39  Probe  
  24  2:41  Assimilator  
  26  2:49  Stargate  
  27  2:51  Probe  
  27  2:53  Probe  
  28  3:03  Probe  
  29  3:05  Probe  
  29  3:10  Stargate  
  30  3:15  Probe (Chrono Boost)  
  30  3:18  Probe (Chrono Boost)  
  32  3:26  Probe (Chrono Boost)  
  33  3:30  Probe (Chrono Boost)  
  33  3:31  Probe (Chrono Boost)  
  35  3:37  Phoenix  
  35  3:40  Probe  
  38  3:42  Probe  
  39  3:52  Probe  
  39  3:53  Phoenix  
  39  3:55  Probe  
  43  4:02  Phoenix  
  45  4:04  Probe  
  46  4:10  Pylon  
  46  4:14  Pylon  
  46  4:18  Phoenix  
  46  4:21  Probe  
  46  4:22  Probe  
  50  4:29  Phoenix  
  52  4:33  Probe  
  53  4:43  Phoenix  
  55  4:56  Phoenix  
  55  4:58  Nexus  
  57  5:08  Phoenix  
  59  5:21  Phoenix  
  61  5:38  Phoenix  
  63  5:46  Phoenix  
  65  5:51  Fleet Beacon  
  65  5:58  Pylon  
  65  6:01  Stargate  
  65  6:02  Probe x2  
  65  6:03  Phoenix  
  69  6:11  Probe, Phoenix  
  70  6:14  Probe x2  
  74  6:28  Phoenix  
  76  6:36  Phoenix  
  78  6:54  Phoenix  
  78  6:56  Phoenix  
  78  6:58  Protoss Air Weapons Level 1  
  78  6:59  Protoss Shields Level 1  
  82  7:02  Anion Pulse-Crystals  
  82  7:03  Probe x3  
  85  7:13  Stargate  
  85  7:15  Probe x3  
  87  7:16  Pylon  
  87  7:20  Assimilator  
  88  7:24  Assimilator  
  88  7:27  Probe x2  
  88  7:28  Pylon x2  
  90  8:01  Carrier x2  
  90  8:04  Probe  
  90  8:05  Probe x2  
  105  8:41  Carrier  
  105  8:44  Carrier  
  117  8:52  Pylon  
  117  8:54  Photon Cannon  
  117  8:55  Protoss Air Weapons Level 2 (Chrono Boost)  
  117  8:57  Photon Cannon  
  117  9:00  Photon Cannon  
  117  9:01  Shield Battery  
  117  9:05  Twilight Council  
  117  9:30  Nexus  
  117  9:31  Pylon  
  117  9:34  Pylon  
  117  9:42  Carrier  
  123  9:47  Probe x2  
  123  9:48  Protoss Shields Level 2  
  123  9:49  Carrier, Photon Cannon  
  123  9:52  Photon Cannon  
  131  9:54  Photon Cannon  
  131  9:56  Photon Cannon  
  131  9:59  Photon Cannon  
  131  10:01  Shield Battery  
  131  10:03  Probe x3  
  131  10:04  Shield Battery  
  134  10:10  Carrier  
  134  10:13  Pylon  
  140  10:24  Assimilator  
  140  10:27  Assimilator  
  140  10:31  Carrier  
  146  10:37  Pylon  
  146  10:41  Pylon, Mothership  
  154  11:06  Graviton Catapult  
  154  11:07  Carrier  
  160  11:26  Carrier  
  166  11:35  Probe x3, Stargate x2  
  175  12:42  Pylon  
  175  12:45  Pylon  
  175  12:47  Pylon  
Show
View Real Time Build Order
Export as new Build Order

BIGDOG Terran 

Build Orders: MMM Bio 

Get SALT Encoding   

  12  0:02  SCV  
  13  0:14  SCV  
  14  0:26  SCV  
  15  0:28  Supply Depot  
  15  0:30  Refinery  
  15  0:53  Barracks  
  15  1:05  Barracks  
  15  1:07  Refinery  
  15  1:08  SCV  
  16  1:20  SCV  
  17  1:31  Supply Depot  
  17  1:32  SCV  
  18  1:43  Reaper  
  18  1:44  SCV  
  20  1:53  Reaper  
  21  2:11  Orbital Command  
  21  2:15  Reaper  
  22  2:25  Reaper  
  23  2:34  Supply Depot  
  23  2:47  Reaper  
  24  2:57  Reaper  
  25  3:26  Command Center  
  19  4:36  Barracks Tech Lab  
  19  4:37  Barracks Reactor  
  19  4:43  SCV  
  20  4:48  Orbital Command  
  20  4:56  SCV  
  20  4:58  Barracks, Combat Shields  
  21  5:01  Barracks  
  21  5:03  Marine  
  22  5:08  SCV  
  22  5:10  Factory  
  23  5:15  Supply Depot  
  23  5:20  SCV  
  23  5:21  Marine, Engineering Bay x2  
  24  5:26  SCV  
  26  5:32  SCV  
  27  5:35  Refinery  
  27  5:38  SCV  
  27  5:39  Marine, Refinery  
  29  5:44  SCV  
  30  5:50  SCV  
  30  5:55  Factory Tech Lab  
  30  5:56  Marine, Starport, SCV  
  33  5:57  Barracks Reactor x2  
  33  5:59  Marine x2  
  33  6:02  SCV  
  36  6:08  SCV  
  37  6:14  Marine, SCV  
  37  6:16  Marine, Siege Tank  
  37  6:17  Marine  
  44  6:25  Stimpack  
  44  6:26  SCV  
  44  6:30  Terran Infantry Weapons Level 1  
  44  6:32  Marine  
  46  6:34  Terran Infantry Armor Level 1  
  46  6:36  Starport Reactor  
  46  6:38  SCV  
  47  6:48  Siege Tank  
  47  6:50  SCV  
  51  7:01  Supply Depot  
  51  7:03  Supply Depot, SCV  
  52  7:09  Armory  
  52  7:15  SCV  
  53  7:25  Supply Depot  
  53  7:27  Supply Depot, SCV  
  54  7:37  Marine x7  
  61  7:45  Medivac  
  61  7:47  Medivac  
  65  7:55  Marine x6  
  71  8:15  Medivac, Command Center  
  71  8:17  Medivac  
  75  8:23  Marine  
  75  8:24  Marine x4  
  80  8:34  Terran Infantry Weapons Level 2  
  80  8:41  Terran Infantry Armor Level 2  
  80  8:45  Medivac  
  82  8:52  Marine x5  
  82  8:53  Marine  
  82  8:54  Marine  
  67  9:37  Marine x3  
  67  9:38  Marine x4  
  74  9:49  Orbital Command  
  74  9:55  Marine x3  
  74  9:56  Marine x4  
  81  10:13  Marine x5  
  81  10:14  Marine x2  
  86  10:16  Medivac x2  
  92  10:30  Marine  
  92  10:31  Marine x5  
  92  10:32  Marine  
  99  10:46  Medivac x2  
  99  10:48  Marine x2  
  99  10:49  Marine x5  
  109  10:51  SCV  
  111  11:03  SCV  
  112  11:06  Marine x2  
  112  11:07  Marine x5  
  119  11:15  SCV  
  119  11:16  Medivac x2  
  124  11:24  Marine x3  
  124  11:25  Marine  
  126  11:27  SCV  
  105  11:40  SCV  
  55  12:24  Marine x3  
  55  12:25  Marine x4  
  62  12:43  Supply Depot  
  62  12:44  Supply Depot  
  69  12:50  Refinery  
Show
View Real Time Build Order
Export as new Build Order

Tholo Zerg 

Build Orders: Pool First 

Get SALT Encoding   

  12  0:02  Drone  
  13  0:08  Drone  
  14  0:27  Spawning Pool  
  13  0:30  Extractor  
  12  0:37  Drone x2  
  14  0:50  Overlord  
  14  1:10  Drone x2  
  14  1:11  Drone  
  17  1:15  Queen  
  20  1:25  Zergling x2  
  20  1:33  Zergling x2  
  20  1:37  Metabolic Boost  
  21  1:52  Zergling x2  
  22  2:04  Overlord  
  22  2:17  Hatchery  
  22  2:20  Zergling x2  
  22  2:22  Overlord  
  22  2:30  Zergling x2  
  27  2:44  Zergling x8  
  27  3:07  Zergling x4  
  27  3:51  Zergling x12  
  32  4:00  Zergling x2  
  28  4:14  Zergling x6  
  29  4:29  Zergling x6  
  28  4:44  Zergling x4  
  27  4:57  Hatchery  
  26  5:20  Zergling x20  
  30  5:54  Zergling x12  
  27  6:16  Zergling x8  
  27  6:36  Zergling x10  
  27  6:38  Overlord  
  27  6:39  Overlord  
  32  6:43  Lair  
  32  6:46  Extractor  
  31  6:56  Zergling x6  
  34  7:08  Zergling x10  
  30  7:25  Zergling x12  
  34  7:42  Zergling x8  
  38  7:49  Zergling x2  
  36  8:03  Zergling x6  
  32  8:35  Zergling x14  
  39  8:56  Zergling x8  
  36  9:29  Zergling x8  
  36  9:30  Zergling x4  
  42  9:42  Evolution Chamber  
  41  9:47  Drone x2  
  17  10:41  Zergling x8, Zerg Melee Weapons Level 1  
  17  10:42  Zergling x4  
  23  10:49  Spire  
  22  11:24  Zergling x14  
  29  11:35  Zergling x4  
  31  11:50  Zergling x6  
  23  12:24  Zergling x12  
Show
View Real Time Build Order
Export as new Build Order

TarValon Zerg 

Build Orders: Hatch First 

Get SALT Encoding   

  12  0:01  Drone  
  13  0:33  Drone  
  13  0:34  Hatchery  
  13  0:39  Drone  
  14  0:44  Extractor  
  14  0:45  Drone  
  14  0:50  Extractor  
  14  0:51  Drone  
  16  0:57  Overlord  
  16  1:14  Spawning Pool  
  16  1:15  Drone  
  16  1:20  Drone  
  17  1:27  Extractor  
  17  1:28  Drone  
  17  1:38  Drone  
  18  1:47  Drone  
  18  1:49  Drone  
  20  1:58  Overlord  
  20  2:00  Overlord  
  20  2:03  Queen  
  22  2:08  Queen  
  22  2:13  Drone  
  22  2:15  Drone  
  26  2:19  Drone  
  27  2:27  Metabolic Boost  
  27  2:29  Drone  
  28  2:31  Drone  
  28  2:33  Drone  
  30  2:51  Drone x3  
  33  3:02  Drone x2  
  35  3:06  Zergling x2  
  35  3:12  Zergling x2  
  37  3:14  Zergling x6  
  37  3:17  Zergling x2  
  41  3:22  Zergling x4  
  41  3:24  Overlord  
  43  3:28  Zergling x2  
  43  3:30  Overlord  
  44  3:35  Evolution Chamber  
  44  3:37  Overlord  
  43  3:44  Zergling x2  
  44  3:51  Zergling x4  
  44  3:52  Zergling x8  
  44  3:53  Zergling x4  
  52  4:07  Zergling x4  
  54  4:11  Zerg Melee Weapons Level 1  
  54  4:12  Zergling x4  
  54  4:13  Lair  
  53  4:37  Zergling x4  
  53  4:38  Zergling x8  
  53  4:48  Zergling x4  
  49  5:15  Zergling x12  
  47  5:41  Zergling x2  
  47  5:42  Zergling x6  
  44  5:57  Zergling x4  
  44  6:01  Hatchery  
  45  6:07  Drone x2, Infestation Pit  
  43  6:12  Zergling x4  
  42  6:25  Zergling x8  
  46  6:26  Zergling x6  
  46  6:30  Zerg Melee Weapons Level 2  
  46  6:31  Zergling x2  
  50  6:35  Zergling x4  
  52  6:46  Zergling x4  
  54  6:54  Zergling x2  
  54  6:56  Hive  
  54  7:10  Zergling x14  
  61  7:17  Zergling x2  
  61  7:18  Zergling x4  
  63  7:34  Zergling x10  
  63  7:35  Zergling x8  
  66  7:40  Zergling x6  
  67  7:49  Zergling x10  
  67  7:55  Zergling x2  
  64  8:11  Drone x3  
  64  8:12  Drone x6, Ultralisk Cavern  
  73  8:14  Extractor  
  70  8:20  Extractor  
  70  8:22  Extractor  
  45  9:05  Zergling x12  
  45  9:06  Zergling x18  
  45  9:07  Zergling x2  
  45  9:08  Zerg Melee Weapons Level 3  
  61  9:14  Drone x2  
  63  9:43  Ultralisk  
  69  10:03  Hatchery  
  61  10:37  Ultralisk x2  
  73  10:50  Baneling Nest  
  73  10:53  Overlord x7, Zergling x2  
  73  10:54  Overlord x4  
  73  11:18  Ultralisk  
  73  11:19  Ultralisk x2  
  91  11:38  Ultralisk  
  97  11:51  Zergling x14  
  97  11:52  Zergling x16  
  99  12:32  Zergling x12  
  99  12:33  Zergling x12  
Tags
 
Add a new tag
Caveats
  • Supply blocks, unpowered buildings, or Contaminate may cause inaccurate times.
  • Supply counts are checked every 10 seconds.